Map: Dusk Towers

Players

Alpo - Winner!

  • Race: Zerg Zerg
  • League: Diamond

Luke

  • Race: Protoss Protoss
  • League: Master

VOD

Have the link to the VOD?

Description

Time

  • Played on: Feb. 20, 2016, 12:24 p.m.
  • Length: 14:02
Show
View Real Time Build Order
Export as new Build Order

Alpo Zerg - Winner!

Build Orders: Pool First, Lurkers 

Get SALT Encoding   

  12  0:01  Drone  
  13  0:23  Spawning Pool  
  13  0:25  Drone  
  13  0:34  Overlord  
  13  0:40  Drone  
  14  0:47  Extractor  
  14  0:48  Drone  
  15  1:10  Zergling x6  
  15  1:11  Queen  
  20  1:21  Zergling x2  
  21  1:38  Hatchery  
  20  1:48  Overlord  
  20  1:51  Drone  
  21  1:54  Drone  
  22  2:19  Drone  
  23  2:25  Drone x4  
  27  2:35  Drone  
  28  2:44  Drone  
  28  2:55  Drone  
  28  2:56  Drone  
  30  2:59  Hatchery  
  30  3:01  Queen  
  30  3:05  Extractor x2  
  29  3:06  Drone  
  29  3:07  Drone  
  29  3:12  Drone  
  32  3:16  Queen  
  34  3:20  Overlord  
  34  3:25  Drone x2  
  36  3:42  Drone x4  
  36  3:44  Overlord  
  40  3:50  Drone  
  40  3:51  Drone x2  
  43  3:58  Metabolic Boost  
  43  4:03  Drone  
  43  4:04  Drone, Roach Warren  
  44  4:12  Queen  
  46  4:18  Lair  
  46  4:24  Overlord  
  46  4:26  Spore Crawler  
  46  4:28  Spore Crawler  
  46  4:31  Spore Crawler  
  43  4:32  Drone  
  43  4:34  Drone  
  43  4:36  Drone  
  46  4:40  Drone x2  
  46  4:43  Drone  
  46  4:44  Drone  
  50  4:46  Drone  
  51  4:56  Extractor, Evolution Chamber, Drone  
  51  4:57  Evolution Chamber, Extractor  
  48  5:02  Drone  
  49  5:08  Drone x5  
  49  5:09  Drone  
  54  5:15  Overlord  
  51  5:31  Zerg Ground Armor Level 1, Zerg Missile Weapons Level 1  
  51  5:32  Drone x5  
  51  5:33  Hydralisk Den  
  55  5:36  Drone  
  55  5:37  Drone x2  
  58  5:49  Lair  
  58  5:50  Overlord  
  58  5:51  Overlord  
  58  6:03  Overlord x2  
  58  6:04  Extractor  
  58  6:06  Muscular Augments  
  58  6:07  Overlord x2  
  58  6:11  Hydralisk  
  57  6:12  Hydralisk  
  61  6:20  Drone  
  61  6:21  Drone  
  61  6:25  Drone x6  
  66  6:26  Drone  
  66  6:28  Glial Reconstitution  
  70  6:34  Extractor  
  70  6:40  Drone  
  70  6:46  Pneumatized Carapace  
  70  6:47  Hydralisk x3  
  70  6:48  Hydralisk  
  70  6:54  Overseer  
  78  7:03  Drone x4  
  78  7:05  Hydralisk  
  78  7:06  Hydralisk x2  
  84  7:21  Hydralisk  
  86  7:29  Overlord x2  
  86  7:39  Overlord  
  86  7:40  Overlord  
  86  7:42  Lurker Den  
  86  7:43  Zerg Ground Armor Level 2, Zerg Missile Weapons Level 2  
  86  7:52  Hydralisk  
  86  7:54  Overlord x3  
  86  7:55  Hatchery  
  87  8:03  Hydralisk  
  87  8:04  Hydralisk x5  
  99  8:22  Hydralisk  
  99  8:23  Hydralisk x5  
  111  8:29  Overlord  
  111  8:38  Overlord  
  111  8:39  Hydralisk  
  111  8:40  Hydralisk x5  
  123  8:54  Overlord x2  
  123  9:08  Lurker x4  
  127  9:11  Lurker  
  127  9:13  Drone x7  
  127  9:14  Drone x4  
  127  9:15  Overlord  
  139  9:22  Infestation Pit  
  138  9:33  Lurker x2  
  138  9:36  Extractor  
  138  9:38  Extractor  
  138  9:40  Hydralisk  
  138  9:41  Hydralisk x3  
  146  9:52  Overlord x2  
  146  9:53  Lurker x2  
  148  10:11  Hydralisk x5  
  148  10:12  Hydralisk  
  160  10:22  Overlord  
  160  10:23  Overlord, Roach  
  160  10:24  Roach x2  
  166  10:30  Lurker  
  166  10:31  Lurker  
  168  10:35  Overlord x2  
  168  10:36  Overlord x3  
  168  10:51  Drone x4  
  168  10:52  Drone x4  
  168  10:55  Hive, Spine Crawler x2, Spore Crawler  
  173  10:58  Lurker  
  173  10:59  Lurker x2  
  173  11:00  Spire  
  175  11:08  Roach  
  175  11:09  Roach x9  
  195  11:32  Overseer  
  195  11:33  Overseer  
  194  11:43  Hydralisk  
  196  12:00  Hydralisk  
  198  12:10  Hatchery  
  197  12:16  Hydralisk  
  199  12:25  Hydralisk x3  
  186  12:33  Hydralisk  
  183  12:38  Lurker x8  
  183  12:39  Lurker x7  
  183  12:43  Hydralisk  
  195  13:26  Hydralisk  
  171  13:27  Hydralisk x13  
  171  13:28  Hydralisk x4  
Show
View Real Time Build Order
Export as new Build Order

Luke Protoss 

Build Orders:  

Get SALT Encoding   

  12  0:01  Probe (Chrono Boost)  
  13  0:11  Probe (Chrono Boost)  
  14  0:20  Pylon  
  14  0:22  Probe (Chrono Boost)  
  15  0:38  Probe (Chrono Boost), Gateway  
  16  0:48  Probe (Chrono Boost)  
  17  0:50  Assimilator  
  17  0:59  Probe (Chrono Boost)  
  18  1:10  Probe (Chrono Boost)  
  19  1:22  Probe (Chrono Boost)  
  20  1:27  Cybernetics Core, Zealot  
  22  1:35  Probe (Chrono Boost)  
  23  1:43  Pylon  
  23  2:01  Probe (Chrono Boost), Zealot (Chrono Boost)  
  23  2:02  Assimilator  
  26  2:14  Mothership Core  
  28  2:26  Stalker (Chrono Boost)  
  30  2:39  Probe  
  31  2:50  Gateway  
  31  2:51  Gateway  
  31  3:04  Nexus  
  31  3:07  Pylon  
  31  3:15  Warp Gate (Chrono Boost)  
  31  3:25  Probe  
  32  3:27  Stargate  
  32  3:33  Gateway  
  32  3:37  Probe (Chrono Boost)  
  33  3:49  Probe (Chrono Boost)  
  33  3:50  Stalker  
  36  4:00  Probe (Chrono Boost)  
  37  4:10  Probe (Chrono Boost)  
  37  4:14  Pylon  
  37  4:15  Oracle  
  41  4:18  Probe (Chrono Boost)  
  41  4:21  Probe (Chrono Boost)  
  41  4:22  Pylon  
  43  4:29  Probe (Chrono Boost)  
  45  4:31  Probe (Chrono Boost)  
  45  4:37  Twilight Council  
  45  4:39  Probe (Chrono Boost)  
  45  4:42  Probe (Chrono Boost)  
  47  4:50  Probe (Chrono Boost)  
  47  4:51  Phoenix  
  47  4:52  Probe (Chrono Boost)  
  51  5:00  Assimilator, Probe (Chrono Boost)  
  51  5:02  Pylon  
  51  5:03  Assimilator, Probe (Chrono Boost)  
  53  5:11  Probe (Chrono Boost)  
  53  5:13  Probe (Chrono Boost)  
  53  5:14  Pylon  
  55  5:16  Phoenix  
  57  5:22  Probe (Chrono Boost)  
  57  5:28  Gateway  
  58  5:41  Phoenix  
  60  5:45  Nexus  
  60  5:52  Charge (Chrono Boost)  
  60  5:58  Pylon  
  60  6:01  Pylon  
  60  6:05  Probe  
  60  6:06  Phoenix  
  60  6:07  Probe  
  64  6:16  Probe  
  65  6:19  Probe  
  66  6:27  Probe, Forge  
  66  6:31  Probe, Phoenix  
  70  6:36  Zealot x2  
  70  6:37  Zealot x2  
  78  6:50  Probe  
  78  6:52  Probe  
  80  6:56  Assimilator  
  80  7:00  Assimilator  
  80  7:01  Robotics Facility  
  80  7:04  Robotics Facility  
  80  7:24  Probe  
  80  7:28  Probe x2, Protoss Ground Weapons Level 1 (Chrono Boost)  
  80  7:29  Zealot x4  
  87  7:36  Probe  
  90  7:37  Gateway  
  90  7:39  Probe  
  90  7:40  Gateway, Templar Archives  
  91  7:50  Zealot x4  
  99  7:58  Immortal  
  103  8:01  Immortal  
  107  8:09  Psionic Storm  
  104  8:20  Phoenix  
  104  8:22  High Templar x2  
  104  8:23  High Templar, Zealot  
  104  8:26  Probe x2  
  114  8:27  Probe  
  117  8:37  Photon Cannon  
  117  8:42  Photon Cannon  
  117  8:47  Pylon  
  117  8:48  Pylon  
  117  8:53  Pylon  
  117  9:04  Probe  
  117  9:05  Pylon, Phoenix, Probe x2  
  117  9:06  Observer x2  
  117  9:07  Photon Cannon  
  117  9:08  Zealot x2  
  117  9:09  High Templar  
  130  9:10  Pylon, High Templar  
  130  9:14  Probe  
  133  9:18  Probe x2  
  135  9:25  Probe  
  135  9:30  Pylon, Probe x2, High Templar  
  135  9:31  High Templar  
  142  9:32  Zealot x2  
  142  9:36  Immortal (Chrono Boost)  
  150  9:40  Immortal (Chrono Boost)  
  154  9:49  Forge  
  154  10:00  High Templar x2  
  154  10:01  Gateway, Zealot x2  
  154  10:02  Gateway  
  154  10:03  Gateway  
  154  10:04  Archon  
  162  10:09  Blink  
  162  10:14  Protoss Ground Armor Level 1 (Chrono Boost)  
  162  10:16  Probe  
  162  10:18  Pylon  
  163  10:23  Pylon  
  163  10:25  Pylon  
  163  10:33  Stalker  
  165  10:43  Nexus  
  165  10:45  Pylon  
  165  10:47  Pylon  
  165  10:51  Pylon  
  165  10:53  Robotics Bay  
  165  10:54  Assimilator, Stalker x3  
  171  10:58  Immortal (Chrono Boost)  
  171  10:59  Assimilator  
  175  11:05  Immortal (Chrono Boost)  
  175  11:08  Protoss Ground Weapons Level 2 (Chrono Boost)  
  179  11:15  Photon Cannon  
  179  11:19  Photon Cannon  
  177  11:35  Disruptor  
  177  11:36  High Templar x2  
  181  11:43  Disruptor  
  185  11:47  Gateway  
  185  11:52  Gateway  
  185  11:53  Gateway  
  183  11:59  Archon  
  183  12:03  Zealot x6  
  183  12:06  Disruptor  
  195  12:12  Photon Cannon  
  135  12:33  Zealot x6  
  135  12:34  Zealot x3  
  143  12:51  Observer  
  143  12:54  Observer  
  143  12:55  Stalker  
  143  12:56  High Templar  
  143  12:57  Nexus, High Templar  
  151  13:00  High Templar  
  151  13:01  High Templar x2  
  151  13:03  High Templar  
  159  13:14  High Templar  
  135  13:32  Stalker  
  135  13:33  Stalker x6  
  77  13:56  Stalker x6  
Tags
 
Composition
Lurkers
Matchup
PvZ
Opening
Pool First
Add a new tag
Caveats
  • Supply blocks, unpowered buildings, or Contaminate may cause inaccurate times.
  • Supply counts are checked every 10 seconds.